 Dungeon Crawl Stone Soup version 0.20.1-1-g8b1a95d (webtiles) character file.

1783 gobwax the Spear-Bearer (level 8, -10/56 HPs)
             Began as a Demonspawn Gladiator on Aug 14, 2017.
             Was a Follower of Okawaru.
             Mangled by a troll (11 damage)
             ... on level 7 of the Dungeon.
             The game lasted 00:21:30 (5191 turns).

gobwax the Spear-Bearer (Demonspawn Gladiator)      Turns: 5191, Time: 00:21:38

Health: -10/56     AC:  5    Str: 21    XL:     8   Next: 81%
Magic:  0/8        EV: 12    Int: 12    God:    Okawaru [*.....]
Gold:   261        SH:  0    Dex: 17    Spells: 7/7 levels left

rFire    . . .     SeeInvis .   a - +0 trident
rCold    . . .     Gourm    .   (no shield)
rNeg     . . .     Faith    .   j - +0 ring mail (curse)
rPois    .         Spirit   +   (helmet restricted)
rElec    .         Reflect  .   (no cloak)
rCorr    .         Harm     .   (no gloves)
MR       .....                  (no boots)
Stlth    ..........             g - amulet of regeneration
Regen    0.6/turn               w - ring of loudness (curse)
MPRegen  0.3/turn               (no ring)

@: mighty
A: antennae 1, agile 1, clever 1, mutation resistance 1, magic shield, magic
regeneration, rot immunity
a: Heroism, Renounce Religion


You were on level 7 of the Dungeon.
You worshipped Okawaru.
Okawaru was aware of your devotion.
You were not hungry.

You visited 1 branch of the dungeon, and saw 7 of its levels.
You also visited: Sewer.

You collected 261 gold pieces.

Inventory:

Hand Weapons
 a - a +0 trident (weapon)
Missiles
 d - 3 throwing nets (quivered)
Armour
 b - a +0 leather armour
 c - a +0 helmet
 j - a cursed +0 ring mail (worn)
Jewellery
 g - an amulet of regeneration (around neck)
 w - a cursed ring of loudness (left hand)
 z - a cursed ring of teleportation
Scrolls
 e - 2 scrolls of identify
 h - a scroll of blinking {unknown}
 i - 3 scrolls of enchant weapon {unknown}
 k - 4 scrolls of remove curse {unknown}
 m - a scroll of fear {unknown}
 s - a scroll of recharging {unknown}
 v - a scroll of noise {unknown}
 x - 2 scrolls of enchant armour {unknown}
 y - 2 scrolls of teleportation {unknown}
 A - a scroll of fog {unknown}
Potions
 n - a potion of invisibility
 p - 2 potions of curing
 q - a potion of lignification {unknown}
 r - 5 potions of might
 t - 3 potions of flight
Comestibles
 f - 7 bread rations
 l - 2 chunks of flesh
 o - 2 meat rations
 u - a royal jelly
 B - 4 fruits


   Skills:
 - Level 2.0 Fighting
 * Level 10.7 Polearms
 - Level 1.7 Throwing
 - Level 2.6 Dodging


You had 7 spell levels left.
You didn't know any spells.

Dungeon Overview and Level Annotations

Branches:
Dungeon (7/15)             Temple (0/1) D:6

Altars:
Elyvilon
Fedhas
Gozag
Okawaru
Uskayaw
Zin

Annotations:
D:7 Prince Ribbit


Innate Abilities, Weirdness & Mutations

You have a pair of small antennae on your head.
When hurt, damage is shared between your health and your magic reserves.
You regenerate magic rapidly.
You are immune to rotting.
You are agile. (Dex +2)
Your mind is acute. (Int +2)
You are somewhat resistant to further mutation.


Message History

The troll misses you.
You puncture the troll!
The troll is moderately wounded.
The troll barely misses you. The troll claws you. The troll claws you!
You hit the troll.
The troll is moderately wounded.
You feel like a meek peon again.
Prince Ribbit blinks!
You feel very mighty all of a sudden. The troll bites you.
* * * LOW HITPOINT WARNING * * *
The troll barely misses you. The troll closely misses you.
You puncture the troll!
The troll is heavily wounded.
The troll bites you!
* * * LOW HITPOINT WARNING * * *
The troll claws you!
* * * LOW HITPOINT WARNING * * *
The troll claws you!
You die...

##. #.. #.# #.#
+# #.# ... ##.#
.... #####<.###
.....
#........##......
#.#....F.@T§.....
##...#.##......
#..##.# .....
#.###.# .... #.
#.# ... .. ..# +#
##. ###


You could see Prince Ribbit and a troll.

Vanquished Creatures
  An ice beast (D:6)
  2 necrophages
  2 ogres
  2 centaurs
  3 big kobolds (Sewer)
  A bullfrog (D:6)
  3 scorpions
  A howler monkey (D:5)
  3 crimson imps
  2 bullfrog zombies (D:5)
  A hound (D:6)
  6 orc priests
  2 iguanas
  An orc wizard (D:6)
  3 worker ants
  Robin (D:4)
  3 gnolls (D:2)
  6 adders
  A river rat (D:3)
  An ooze (Sewer)
  An adder skeleton (D:6)
  2 worms
  2 dart slugs (D:1)
  6 leopard geckos
  7 orcs
  2 giant cockroaches
  14 goblins
  9 hobgoblins
  3 jackals (D:6)
  3 quokkas
  6 ball pythons
  2 bats
  2 frilled lizards
  10 kobolds
  13 rats
127 creatures vanquished.

Notes
Turn   | Place    | Note
-------+----------+-------------------------------------------
     0 | D:1      | gobwax the Demonspawn Gladiator began the quest for the Orb.
     0 | D:1      | Reached XP level 1. HP: 16/16 MP: 1/1
   212 | D:1      | Reached skill level 3 in Polearms
   439 | D:1      | Gained mutation: You have a pair of small antennae on your head. [demonic ancestry]
   439 | D:1      | Reached XP level 2. HP: 20/22 MP: 2/2
   906 | D:2      | Found an opulent altar of Gozag.
   978 | D:2      | Gained mutation: When hurt, damage is shared between your health and your magic reserves. [demonic ancestry]
   978 | D:2      | Reached XP level 3. HP: 27/27 MP: 3/3
  1080 | D:2      | Reached skill level 4 in Polearms
  1517 | D:3      | Reached XP level 4. HP: 24/33 MP: 4/4
  1597 | D:3      | Found a glowing drain.
  1602 | Sewer    | Entered a sewer
  1668 | Sewer    | Noticed a big kobold
  1669 | Sewer    | Noticed a big kobold
  1676 | Sewer    | Killed a big kobold
  1676 | Sewer    | Reached skill level 5 in Polearms
  1676 | Sewer    | Gained mutation: You regenerate magic rapidly. [demonic ancestry]
  1676 | Sewer    | Reached XP level 5. HP: 37/38 MP: 3/5
  1747 | Sewer    | Reached skill level 6 in Polearms
  1795 | Sewer    | Gained mutation: You are immune to rotting. [demonic ancestry]
  1795 | Sewer    | Reached XP level 6. HP: 32/44 MP: 4/6
  2558 | D:4      | Reached skill level 7 in Polearms
  2692 | D:4      | Noticed Robin
  2702 | D:4      | Reached XP level 7. HP: 50/50 MP: 7/7
  2729 | D:4      | Killed Robin
  3205 | D:4      | Reached skill level 8 in Polearms
  3265 | D:4      | Found an iron altar of Okawaru.
  3290 | D:4      | Became a worshipper of Warmaster Okawaru
  3601 | D:5      | Entered Level 5 of the Dungeon
  3727 | D:5      | Found a glowing silver altar of Zin.
  4220 | D:6      | Found a white marble altar of Elyvilon.
  4312 | D:6      | Reached skill level 9 in Polearms
  4312 | D:6      | Reached XP level 8. HP: 49/56 MP: 8/8
  4368 | D:6      | Gained mutation: You are agile. (Dex +2) [potion of mutation]
  4368 | D:6      | Gained mutation: Your mind is acute. (Int +2) [potion of mutation]
  4368 | D:6      | Gained mutation: You are somewhat resistant to further mutation. [potion of mutation]
  4587 | D:6      | Found a blossoming altar of Fedhas.
  4687 | D:6      | Found a hide-covered altar of Uskayaw.
  4687 | D:6      | Noticed a dagger
  4687 | D:6      | Noticed a hand axe
  4743 | D:6      | Found a staircase to the Ecumenical Temple.
  4858 | D:6      | Reached * piety under Okawaru
  4865 | D:6      | Reached skill level 10 in Polearms
  5174 | D:7      | Noticed Prince Ribbit
  5174 | D:7      | Noticed a troll
  5191 | D:7      | HP: 1/56 [troll (7)]
  5191 | D:7      | Mangled by a troll

Skill      XL: |  1  2  3  4  5  6  7  8 |
---------------+-------------------------+-----
Polearms       | 3 4 5 6 7 9 10 | 10.7
Fighting       | |  2.0
Throwing       | |  1.7
Dodging        | |  2.6

Action                   |  1- 3 |  4- 6 |  7- 9 || total
-------------------------+-------+-------+-------++-------
Melee: Trident           |    85 |   210 |   328 ||   623
Invok: Heroism           |       |       |     1 ||     1
  Use: Potion            |       |     1 |     5 ||     6
       Scroll            |       |       |     3 ||     3
 Stab: Sleeping          |     1 |       |       ||     1
       Invisible         |       |       |     1 ||     1
  Eat: Chunk             |     2 |     4 |     9 ||    15
Armor: Leather armour    |     2 |       |       ||     2
       Ring mail         |     6 |    40 |    57 ||   103
Dodge: Dodged            |    28 |    85 |   138 ||   251
